 Dungeon Sprint DCSS version 0.29.1-1-gd02db6906a (webtiles) character file.

Game seed: 16410200884444584159

42 Groucho the Ducker (level 3, -6/18 HPs)
             Began as a Felid Fighter on Oct 9, 2022.
             Mangled by an iguana (13 damage)
             ... in the Dungeon (Sprint IX: "|||||||||||||||||||||||||||||").
             The game lasted 00:00:42 (524 turns).

Groucho the Ducker (Felid Fighter)                   Turns: 524, Time: 00:00:43

Health: -6/18      AC:  1    Str: 14    XL:     3   Next: 33%
Magic:  4/4        EV: 19    Int:  9    God:
Gold:   0          SH:  0    Dex: 15    Spells: 2/2 levels left
                                        Lives:  0   Deaths: 0

rFire   . . .      SeeInvis +     - Unarmed
rCold   . . .      Faith    .   (shield unavailable)
rNeg    . . .      Spirit   .   (body armour unavailable)
rPois   .          Reflect  .   (helmet unavailable)
rElec   .          Harm     .   (cloak unavailable)
rCorr   .          Rampage  .   (gloves unavailable)
Will    .....      NoTele   +   (boots unavailable)
Stlth   +++.......              (no amulet)
HPRegen 0.06/turn               (no ring)
MPRegen 0.09/turn               (no ring)

@: quick
A: very small, claws 1, fangs 3, see invisible, speed 1, shaggy fur 1, stealthy
paws, no weapons or thrown items, no armour, multi-lived
a: no special abilities


You were in the Dungeon.
You visited 1 branch

Inventory:

Scrolls
 g - a scroll of blinking
Potions
 a - a potion of might
 d - a potion of haste
 e - 2 potions of magic
 f - a potion of berserk rage


   Skills:
 + Level 4.4 Fighting
 + Level 5.9 Dodging
 + Level 4.4 Stealth
 + Level 5.2 Unarmed Combat


You had 2 spell levels left.
You didn't know any spells.
Your spell library was empty.

Dungeon Overview and Level Annotations

Branches:
Dungeon (1/1)

Altars:


Innate Abilities, Weirdness & Mutations

You have sharp claws.
You have razor-sharp teeth.
You have supernaturally acute eyesight. (SInv)
You cover ground quickly. (Speed+)
You are covered in fur. (AC +1)
Your paws help you pounce on unaware monsters.
You are incapable of wielding weapons or throwing items.
You cannot wear armour.
You gain extra lives every three experience levels.


Message History

Pain shoots through your body!
* * * LOW HITPOINT WARNING * * *
Unknown command.
You closely miss the shadow imp.
The shadow imp is severely wounded.
The shadow imp misses you.
Unknown command.
You scratch the shadow imp.
The shadow imp is almost dead.
The shadow imp hits you.
* * * LOW HITPOINT WARNING * * *
You scratch the shadow imp but do no damage.
The shadow imp is almost dead.
The shadow imp misses you.
Unknown command.
You closely miss the shadow imp.
The shadow imp is almost dead.
Unknown command.
You feel better. The shadow imp misses you.
You closely miss the shadow imp.
The shadow imp is almost dead.
The shadow imp gestures at you. Pain shoots through your body!
You scratch the shadow imp.
You kill the shadow imp!
Unknown command.
You scratch the iguana but do no damage.
You claw the iguana, but do no damage. You bite the iguana, but do no damage.
The iguana completely misses you.
You claw the iguana!
The iguana is heavily wounded.
The iguana closely misses you.
You barely miss the iguana.
The iguana is heavily wounded.
The iguana bites you.
You barely miss the iguana.
The iguana is heavily wounded.
The iguana bites you!
Ouch! That really hurt!
You die... ▓▓▓▓▓▓▓▓▓▓▓▓▓▓▓▓▓▓ +...Jsl@....)...<▓ ▓▓▓▓▓▓▓▓▓▓▓▓▓▓▓▓▓▓

You could see a scorpion, an iguana and a jelly.

Vanquished Creatures
  A hound (D)
  A shadow imp (D)
  A goblin (D)
  A hobgoblin (D)
  A frilled lizard (D)
  2 rats (D)
7 creatures vanquished.

Notes
Turn   | Place    | Note
-------+----------+-------------------------------------------
     0 | D        | Groucho the Felid Fighter began the quest for the Orb.
     0 | D        | Reached XP level 1. HP: 10/10 MP: 2/2
    10 | D        | Reached skill level 1 in Stealth
   500 | D        | Noticed a jelly
   500 | D        | Noticed a scorpion
   500 | D        | Noticed an iguana
   500 | D        | Noticed a hound
   507 | D        | Killed a hound
   508 | D        | Reached skill level 5 in Dodging
   508 | D        | Reached skill level 5 in Unarmed Combat
   508 | D        | Reached XP level 2. HP: 12/15 MP: 3/3
   508 | D        | Reached XP level 3. HP: 14/18 MP: 4/4
   524 | D        | Mangled by an iguana

Illustrated notes

Levels and vault maps discovered:
D:        linesprint [early_d, line_temple, items_1, d_10, items_2, lair_1,
          lair_end, items_3, orc_1, orc_end, items_4, d_15, swamp_1, shoals_1,
          snake_1, spider_1, d_20, vaults_1, items_5, swamp_end, shoals_end,
          snake_end, spider_end, vaults_end, d_27, items_6, zot_1, zot_end,
          crypt_end, forest_end, elf_end, slime_end, tomb_end, abyss_end,
          pan_hell_end]

Skill      XL: |  1 |
---------------+----+-----
Stealth        | 4 |  4.4
Fighting       | 4 |  4.4
Dodging        | 5 |  5.9
Unarmed Combat | 5 |  5.2

Action                   || total
-------------------------++-------
Melee: Unarmed           ||    30
       Bite              ||     3
       Punch             ||     1
  Use: Potion            ||     2
 Stab: Sleeping          ||     1
Armor: Skin              ||     1
Dodge: Dodged            ||    15
